 Dungeon Crawl Stone Soup version 0.25-a0-294-gea9b1ad378 (webtiles) character file.

Game seed: 11083318323770353818, levelgen mode: deterministic

10552 Error4North the Blocker (level 11, -11/91 HPs)
             Began as a Hill Orc Fighter on Dec 18, 2019.
             Was a High Priest of Okawaru.
             Mangled by a cyan ugly thing (16 damage)
             ... on level 11 of the Dungeon.
             The game lasted 01:08:23 (11185 turns).

Error4North the Blocker (Hill Orc Fighter)         Turns: 11185, Time: 01:08:25

Health: -11/91     AC: 36    Str: 21    XL:     11   Next: 63%
Magic:  12/27      EV:  8    Int: 10    God:    Okawaru [*****.]
Gold:   543        SH: 17    Dex:  7    Spells: 19/19 levels left

rFire    . . .     SeeInvis +   E - +8 mace of Internal Strife {protect, rC+++ MP+9 Dex-3}
rCold    + + +     Gourm    .   c - +0 shield
rNeg     . . .     Faith    .   n - +0 plate armour
rPois    .         Spirit   .   l - +0 helmet
rElec    .         Reflect  +   H - +0 cloak
rCorr    .         Harm     .   b - +0 pair of gloves
MR       .....                  x - +2 pair of boots
Stlth    ..........             a - +4 amulet of reflection
HPRegen  0.25/turn              D - ring of see invisible
MPRegen  0.20/turn              u - +3 ring of protection

@: heroism, finesse, protection aura, flying
A: yellow scales 1, subdued magic 1, MP-powered wands
a: Heroism, Finesse, Renounce Religion, Convert to Beogh


You were on level 11 of the Dungeon.
You worshipped Okawaru.
Okawaru was extremely pleased with you.
You were not hungry.

You visited 2 branches of the dungeon, and saw 12 of its levels.

You collected 543 gold pieces.

Inventory:

Hand Weapons
 d - a +0 hand axe of venom
 w - a +0 hunting sling
 z - a +2 scimitar of flaming
 E - the +8 mace of Internal Strife (weapon) {protect, rC+++ MP+9 Dex-3}
   (You found it on level 5 of the Dungeon)

   It grants its wielder temporary protection when it strikes (+7 to AC).
   It affects your dexterity (-3).
   It renders you almost immune to cold.
   It affects your magic capacity (+9).
Missiles
 o - 23 sling bullets
 s - 262 stones
 y - 7 boomerangs (quivered)
Armour
 b - a +0 pair of gloves (worn)
 c - a +0 shield (worn)
 l - a +0 helmet (worn)
 n - a +0 plate armour (worn)
 x - a +2 pair of boots (worn)
 H - a +0 cloak (worn)
Jewellery
 a - a +4 amulet of reflection (around neck)
 u - a +3 ring of protection (right hand)
 D - a ring of see invisible (left hand)
 K - an uncursed ring of stealth {unknown}
Wands
 v - a wand of scattershot (2)
 C - a wand of enslavement (8)
 F - a wand of random effects (20)
Scrolls
 e - a scroll of blinking
 g - a scroll of immolation
 j - 3 scrolls of remove curse
 k - a scroll of enchant armour {unknown}
 q - 2 scrolls of random uselessness {unknown}
 r - 3 scrolls of magic mapping {unknown}
 t - 9 scrolls of identify {unknown}
 A - 3 scrolls of teleportation {unknown}
 G - a scroll of enchant weapon {unknown}
 J - a scroll of silence {unknown}
Potions
 h - a potion of flight
 i - 4 potions of brilliance
 I - a potion of agility {unknown}
 M - a potion of berserk rage
Miscellaneous
 B - 2 phantom mirrors
Comestibles
 f - 19 rations


   Skills:
 + Level 6.5(11.5) Fighting
 * Level 4.0(9.0) Long Blades
 + Level 5.3(12.6) Axes
 + Level 7.0(12.6) Maces & Flails
 + Level 4.6(9.7) Slings
 + Level 0.9(8.0) Throwing
 * Level 8.4(13.4) Armour
 + Level 1.1(6.1) Dodging
 + Level 0.4(5.4) Stealth
 * Level 8.7(13.7) Shields
 * Level 4.7 Spellcasting
 * Level 7.4 Invocations
 * Level 4.8 Evocations


You had 19 spell levels left.
You didn't know any spells.
Your spell library contained the following spells:

 Spells                   Type           Power        Failure   Level  Hunger
 Corona                   Hex            #......      96%         1    #......
 Magic Dart               Conj           #...         96%         1    #......
 Blink                    Tloc           N/A          99%         2    ##.....
 Call Imp                 Summ           #.......     99%         2    ##.....
 Slow                     Hex            #.......     99%         2    ##.....
 Conjure Flame            Conj/Fire      #.......     100%        3    ###....
 Inner Flame              Hex/Fire       #.......     100%        3    ###....
 Mephitic Cloud           Conj/Pois/Air  #.......     100%        3    ###....
 Portal Projectile        Hex/Tloc       #.....       100%        3    ###....
 Cause Fear               Hex            #.........   100%        4    #####..
 Leda's Liquefaction      Hex/Erth       #.........   100%        4    #####..


Dungeon Overview and Level Annotations

Branches:
Dungeon (11/15)            Temple (1/1) D:5            Lair (0/6) D:10
    Orc: D:9-12

Altars:
Ashenzari
Cheibriados
Elyvilon
Fedhas
Gozag
Hepliaklqana
Makhleb
Nemelex Xobeh
Okawaru
Sif Muna
Trog
Wu Jian
Xom
Yredelemnul
The Shining One

Annotations:
D:6 Menkaure
D:7 exclusion: oklob plant
D:10 2 runed translucent doors, exclusion: 2 oklob plants


Innate Abilities, Weirdness & Mutations

You are partially covered in yellow scales. (AC +2)
Your spells are a little easier to cast, but a little less powerful.
You expend magic power (3 MP) to strengthen your wands.


Message History

The cyan ugly thing is heavily wounded.
You can now deal lightning-fast blows.
The cyan ugly thing claws you but does no damage.
An orc comes into view. It is wielding a +0 club.
You block the orc warrior's attack.
You completely miss the cyan ugly thing.
The cyan ugly thing is heavily wounded.
The orc shouts!
The orc priest threatens, "By the altar or by the axe, you will meet Beogh!"
The cyan ugly thing claws you!
* * * LOW HITPOINT WARNING * * *
The cyan ugly thing shocks you!
* * * LOW HITPOINT WARNING * * *
You feel better.
The orc warrior hits you but does no damage.
The orc priest casts a cantrip, but nothing happens.
The cyan ugly thing claws you!
* * * LOW HITPOINT WARNING * * *
The cyan ugly thing shocks you!
You die...

##.# #.# #. #.# #)#
#.# #.# #.#
#.##########
#..........###.####
########.#.@u.()()(
#...#.######
#####o# o# o# o# .#
##


You could see a cyan ugly thing, an orc warrior, 2 orc priests and an orc.

Vanquished Creatures
  Gastronok (D:10)
  Harold (D:8)
  Erica (D:8)
  Maurice (D:8)
  A queen bee (D:8)
  Prince Ribbit (D:8)
  A hornet (D:10)
  2 hippogriffs
  6 yaks
  A hungry ghost (D:9)
  A water moccasin (D:8)
  3 black bears
  4 orc warriors
  An ice beast (D:8)
  2 necrophages
  3 sky beasts
  3 ogres
  A phantom (D:5)
  4 centaurs
  A crocodile (D:11)
  7 bullfrogs
  A wyvern skeleton (D:7)
  2 scorpions
  18 killer bees (D:8)
  4 wights (D:6)
  A jelly (D:5)
  2 howler monkeys
  5 crimson imps
  The ghost of Hyawatha the Magician, a weakling TeWz (D:3)
  A quasit (D:8)
  10 orc priests
  3 hounds
  11 orc wizards
  2 bullfrog skeletons
  3 iguanas
  5 worker ants
  A centaur skeleton (D:9)
  2 hound zombies
  A howler monkey zombie (D:7)
  A worker ant zombie (D:7)
  Robin (D:2)
  4 gnolls (D:2)
  A howler monkey skeleton (D:6)
  8 adders
  5 shadow imps
  An ooze (D:1)
  3 worms
  5 dart slugs
  7 leopard geckos
  29 orcs
  A ball python (D:6)
  5 bats
  3 giant cockroaches (D:3)
  19 goblins
  12 hobgoblins
  9 jackals
  3 quokkas
  6 frilled lizards
  5 kobolds
  A leopard gecko zombie (D:5)
  5 rats
253 creatures vanquished.

Vanquished Creatures (others)
  2 centaurs (D:11)
  An orc (D:9)
  A bat (D:1)
  A plant (D:10)
5 creatures vanquished.

Grand Total: 258 creatures vanquished

Notes
Turn   | Place    | Note
-------+----------+-------------------------------------------
     0 | D:1      | Error4North the Hill Orc Fighter began the quest for the
                  | Orb.
     0 | D:1      | Reached XP level 1. HP: 19/19 MP: 1/1
    69 | D:1      | Reached XP level 2. HP: 27/27 MP: 2/2
   278 | D:1      | Reached XP level 3. HP: 33/33 MP: 3/3
   859 | D:2      | Noticed Robin
   878 | D:2      | Killed Robin
   878 | D:2      | Reached XP level 4. HP: 36/40 MP: 4/4
  1418 | D:2      | Reached XP level 5. HP: 18/46 MP: 4/6
  1814 | D:2      | Found a burning altar of Makhleb.
  2028 | D:3      | Found a runed translucent door.
  2035 | D:3      | Noticed Hyawatha's ghost (weakling TeWz)
  2266 | D:3      | Found a snail-covered altar of Cheibriados.
  2503 | D:3      | Reached skill level 1 in Spellcasting
  2582 | D:3      | Found an ornate altar of the Wu Jian Council.
  2956 | D:4      | Reached XP level 6. HP: 53/53 MP: 7/7
  3216 | D:4      | Reached skill level 5 in Axes
  3482 | D:3      | Killed Hyawatha's ghost
  3552 | D:5      | Entered Level 5 of the Dungeon
  3650 | D:5      | Got a translucent mace
  3652 | D:5      | Identified the +8 mace of Internal Strife {protect, rC+++
                  | MP+9 Dex-3} (You found it on level 5 of the Dungeon)
  3753 | D:5      | Found a staircase to the Ecumenical Temple.
  3764 | Temple   | Entered the Ecumenical Temple
  3785 | Temple   | Became a worshipper of Warmaster Okawaru
  3899 | D:5      | Reached XP level 7. HP: 50/60 MP: 9/9
  3969 | D:5      | Reached skill level 1 in Slings
  3969 | D:5      | Reached skill level 5 in Armour
  4375 | D:5      | Reached skill level 1 in Maces & Flails
  4375 | D:5      | Reached skill level 5 in Shields
  4633 | D:6      | Found a sparkling altar of Nemelex Xobeh.
  4674 | D:6      | Found a shimmering blue altar of Sif Muna.
  4966 | D:6      | Reached * piety under Okawaru
  4966 | D:6      | Reached XP level 8. HP: 67/67 MP: 11/11
  5019 | D:6      | Reached skill level 1 in Invocations
  5089 | D:6      | Reached skill level 5 in Fighting
  5319 | D:6      | Noticed Menkaure
  5445 | D:6      | Found a shimmering blue altar of Sif Muna.
  5593 | D:7      | Reached skill level 1 in Evocations
  5753 | D:7      | Reached ** piety under Okawaru
  5894 | D:7      | Found a white marble altar of Elyvilon.
  5900 | D:7      | Reached XP level 9. HP: 65/74 MP: 11/12
  5929 | D:7      | Noticed an oklob plant
  5957 | D:7      | Found a white marble altar of Elyvilon.
  6562 | D:8      | Noticed Harold
  6587 | D:8      | Killed Harold
  6590 | D:8      | Reached *** piety under Okawaru
  6814 | D:8      | Found a basalt altar of Yredelemnul.
  7029 | D:8      | Noticed Erica
  7063 | D:8      | Killed Erica
  7063 | D:8      | Reached skill level 5 in Maces & Flails
  7063 | D:8      | Reached skill level 5 in Invocations
  7063 | D:8      | Reached XP level 10. HP: 22/83 MP: 15/15
  7454 | D:8      | Noticed Maurice
  7469 | D:8      | Killed Maurice
  7603 | D:8      | Reached skill level 1 in Dodging
  7612 | D:8      | Reached **** piety under Okawaru
  7626 | D:8      | Gained mutation: You expend magic power (3 MP) to
                  | strengthen your wands. [potion of mutation]
  7626 | D:8      | Gained mutation: Your spells are a little easier to cast,
                  | but a little less powerful. [potion of mutation]
  7626 | D:8      | Gained mutation: You are partially covered in yellow
                  | scales. (AC +2) [potion of mutation]
  8079 | D:8      | Noticed Prince Ribbit
  8137 | D:8      | Killed Prince Ribbit
  8532 | D:8      | Reached skill level 1 in Long Blades
  9400 | D:9      | Reached XP level 11. HP: 76/90 MP: 17/17
  9792 | D:10     | Entered Level 10 of the Dungeon
  9911 | D:10     | Noticed a fire dragon
  9914 | D:10     | Found a runed translucent door.
  9914 | D:10     | Found a runed translucent door.
  9914 | D:10     | Noticed an ice dragon
  9914 | D:10     | Noticed a fire dragon
  9919 | D:10     | Found the +2 shield of Resistance {rF+ rC+ MR+}
  9919 | D:10     | Noticed an ice dragon
 10046 | D:10     | Noticed Gastronok
 10688 | D:10     | Reached ***** piety under Okawaru
 10723 | D:10     | Killed Gastronok
 10809 | D:10     | Noticed an oklob plant
 10896 | D:10     | Noticed an oklob plant
 10921 | D:10     | Found a staircase to the Lair.
 11164 | D:11     | Noticed a cyan ugly thing
 11185 | D:11     | Mangled by a cyan ugly thing

Levels and vault maps discovered:
D:1:      evilmike_arrival_hilbert_curve, layout_basic
D:2:      layout_rooms, lemuel_coloured_pillars_altar, first_ration, uniq_robin
D:3:      layout_rooms, kennysheep_slug_shrine, marbit_many_paths,
          ebering_ghost_inner_flame, minmay_misc_feat_encased,
          corexii_item_surrounded_by_moat, minmay_hedge_maze
D:4:      layout_loops_cross
D:5:      layout_basic, minmay_temple_entry_crystal_x
D:6:      layout_basic, led_sif_book, nicolae_overflow_hidden_temple,
          basic_altar, uniq_menkaure
D:7:      layout_loops_corners, kennysheep_mini_moat, lemuel_oklob_altar
D:8:      layout_basic, basic_altar, david_nohive_1, uniq_prince_ribbit1,
          uniq_harold, uniq_erica, uniq_maurice
D:9:      layout_cave_pools, minmay_parallelograms
D:10:     layout_basic, dpeg_oklobed_lair, minmay_guarded_unrand_resistance,
          uniq_gastronok
D:11:     layout_loops_ring, grunt_decor_fettered, uniq_josephine
Temple:   eino_temple_rhombus

Skill      XL: |  1  2  3  4  5  6  7  8  9 10 11 |
---------------+----------------------------------+-----
Fighting       | 4 5 6 |  6.5
Axes           | 3 4 5 |  5.3
Armour         | 4 5 6 7 8 |  8.4
Shields        | 4 5 6 7 8 |  8.7
Spellcasting   | 1 2 3 4 |  4.7
Slings         | 2 3 4 |  4.6
Maces & Flails | 1 3 5 6 7 |  7.0
Invocations    | 3 5 6 7 |  7.4
Evocations     | 1 3 4 |  4.8
Dodging        | 1 |  1.1
Long Blades    | 2 4 |  4.0
Throwing       | |  0.9
Stealth        | |  0.4

Action                   |  1- 3 |  4- 6 |  7- 9 | 10-12 || total
-------------------------+-------+-------+-------+-------++-------
Melee: War axe           |   106 |   279 |       |       ||   385
       Mace              |       |     9 |   245 |   402 ||   656
       Long sword        |       |       |       |   160 ||   160
 Fire: Hunting sling     |       |    35 |   112 |    65 ||   212
Throw: Stone             |     9 |    10 |     8 |     7 ||    34
       Boomerang         |       |       |       |     4 ||     4
Invok: Heroism           |       |       |       |     6 ||     6
       Finesse           |       |       |       |     1 ||     1
Evoke: Wand              |       |       |       |     1 ||     1
  Use: Potion            |       |     2 |     6 |     7 ||    15
       Scroll            |       |       |       |     2 ||     2
  Eat: Chunk             |       |     9 |     2 |    10 ||    21
       Ration            |       |     1 |     2 |     3 ||     6
Armor: Scale mail        |    56 |       |       |       ||    56
       Plate armour      |    12 |   242 |   143 |   331 ||   728
       Skin              |       |       |     3 |       ||     3
Dodge: Dodged            |    34 |    67 |    24 |   103 ||   228
Block: Shield            |    77 |   161 |   140 |   455 ||   833
       Reflection        |       |       |     5 |    16 ||    21
       Rpst.: Long sword |       |       |       |    12 ||    12

Table legend:
 A = Non-vault XP
 B = Vault XP
 C = Vault XP percentage of total XP
 D = Non-vault monster count
 E = Vault monster count
 F = Vault count percentage of total count
                 A         B        C        D         E       F
            +---------+---------+-------+---------+---------+-------
      Total |    8921 |    6154 |  40.8 |     221 |      35 |  13.7
            +---------+---------+-------+---------+---------+-------
        D:1 |      40 |       0 |   0.0 |      18 |       0 |   0.0
        D:2 |     142 |      34 |  19.3 |      27 |      11 |  28.9
        D:3 |      56 |      54 |  49.1 |      24 |       3 |  11.1
        D:4 |     185 |       0 |   0.0 |      13 |       0 |   0.0
        D:5 |     410 |       0 |   0.0 |      13 |       0 |   0.0
        D:6 |     847 |       0 |   0.0 |      19 |       0 |   0.0
        D:7 |     987 |       0 |   0.0 |      19 |       0 |   0.0
        D:8 |    1888 |    3697 |  66.2 |      37 |      20 |  35.1
        D:9 |    1694 |       0 |   0.0 |      21 |       0 |   0.0
       D:10 |    2152 |    2369 |  52.4 |      23 |       1 |   4.2
       D:11 |     520 |       0 |   0.0 |       7 |       0 |   0.0
            +---------+---------+-------+---------+---------+-------
